 Dungeon Crawl Stone Soup version 0.27.0-1-g7a089689b8 (webtiles) character file.

Game seed: 12650657235923210292

18 gimp the Caller (level 2, 0/25 HPs)
             Began as a Naga Summoner on Aug 9, 2021.
             Slain by a goblin (4 damage)
             ... on level 1 of the Dungeon.
             The game lasted 00:01:37 (694 turns).

gimp the Caller (Naga Summoner)                      Turns: 694, Time: 00:01:38

Health: 0/25       AC:  1    Str: 10    XL:     2   Next: 66%
Magic:  2/5        EV:  9    Int: 15    God:
Gold:   4          SH:  0    Dex: 11    Spells: 4/5 levels left

rFire    . . .     SeeInvis +   a - +0 dagger
rCold    . . .     Faith    .   (no shield)
rNeg     . . .     Spirit   .   f - +0 robe
rPois    +         Reflect  .   (no helmet)
rElec    .         Harm     .   (no cloak)
rCorr    .         Rampage  .   (no gloves)
Will     .....                  (no barding)
Stlth    ++........             (no amulet)
HPRegen  0.08/turn              (no ring)
MPRegen  0.09/turn              (no ring)

@: short of breath, hasted, quick
A: AC +0, large, see invisible, deformed body, poison resistance, slowness 2,
spit poison 1, naga tail 1
a: Spit Poison


You were on level 1 of the Dungeon.
You visited 1 branch of the dungeon, and saw 1 of its levels.

You collected 4 gold pieces.

Inventory:

Hand Weapons
 a - a +0 dagger (weapon)
 b - a +0 short sword
Armour
 f - a +0 robe (worn)
Scrolls
 d - a scroll of identify {unknown}
 e - a scroll of immolation {unknown}
Potions
 g - a potion of flight {unknown}


   Skills:
 * Level 1.2 Fighting
 - Level 1.5 Dodging
 + Level 3.4 Stealth
 - Level 2.0 Spellcasting
 * Level 4.3 Summonings


You had 4 spell levels left.
You knew the following spells:

 Your Spells              Type           Power      Damage    Failure   Level
a - Summon Small Mammal   Summ           56%        N/A       3%          1

Your spell library contained the following spells:

 Spells                   Type           Power      Damage    Failure   Level
 Call Imp                 Summ           14%        N/A       6%          2
 Call Canine Familiar     Summ           14%        N/A       12%         3
 Summon Guardian Golem    Hex/Summ       7%         N/A       28%         3
 Summon Lightning Spire   Summ/Air       7%         N/A       67%         4


Dungeon Overview and Level Annotations

Branches:
Dungeon (1/15)

Altars:


Innate Abilities, Weirdness & Mutations

Your serpentine skin is tough. (AC +0)
You have supernaturally acute eyesight. (SInv)
Armour fits poorly on your strangely shaped body.
Your system is resistant to poisons. (rPois)
You cover ground very slowly.
You can spit poison.
You have a snake-like lower body.


Message History

Found a scroll labelled QIAPSOAJ MESUN.
You take 3 damage, and have 7/25 hp.
Casting: Summon Small Mammal (safe; 3% risk of failure)
Confirm with . or Enter, or press ? or * to list all spells.
The hobgoblin hits you.
* * * LOW HITPOINT WARNING * * *
You take 3 damage, and have 4/25 hp.
You now have 4/5 mp.
Unknown command.
Casting: Summon Small Mammal (safe; 3% risk of failure)
Confirm with . or Enter, or press ? or * to list all spells.
The goblin shouts!
The frilled lizard hisses angrily.
The hobgoblin barely misses you.
You now have 3/5 mp.
Your bat closely misses the hobgoblin.
The hobgoblin completely misses your bat.
Casting: Summon Small Mammal (safe; 3% risk of failure)
Confirm with . or Enter, or press ? or * to list all spells.
Your bat hits the hobgoblin but does no damage.
Your quokka bites the hobgoblin but does no damage.
The hobgoblin hits your bat.
The goblin hits your bat but does no damage.
The frilled lizard barely misses your bat.
You now have 2/5 mp.
Press: ? - help, Shift-Dir - straight line, f/p - hobgoblin
Aim: a hobgoblin (ally target)
The splash of poison misses the hobgoblin.
Your bat hits the frilled lizard.
Your bat barely misses the hobgoblin.
Your quokka barely misses the hobgoblin.
The hobgoblin hits your bat.
Your bat dies!
Your bat's corpse disappears in a puff of smoke!
Your quokka bites the hobgoblin but does no damage.
You aren't carrying any items that you can evoke.
Unknown command.
It was a potion of haste.
You feel yourself speed up.
Your bat hits the frilled lizard.
The frilled lizard dies!
Your quokka bites the hobgoblin.
Your quokka barely misses the hobgoblin.
The goblin hits you with a +0 club.
You die... .# ##≈.# ####### .# #P≈P# #......... ##### #P≈P## #......... ....###.≈.P## #......... ....'#..≈...###...b..... †...## PP≈.P

#.§§.......
....#####≈####r.........
....'.........§g.†...?..
....#####.#####g@.......
....# #.# ##########
....# #.# ....# #.. .
....# ##.... ..###
.....# ########.##.#
...#...#.##.#
...#.<.#....#


You could see a hobgoblin (ally target), a goblin, a friendly quokka (summoned)
and a friendly bat (summoned).

Vanquished Creatures
  A dart slug (D:1)
  A bat (D:1)
  An endoplasm (D:1)
  A giant cockroach (D:1)
  A goblin (D:1)
  2 jackals (D:1)
  A kobold (D:1)
  A frilled lizard (D:1)
  A rat (D:1)
10 creatures vanquished.

Vanquished Creatures (collateral kills)
  A hobgoblin (D:1)
  A jackal (D:1)
  A ball python (D:1)
  A frilled lizard (D:1)
  A kobold (D:1)
5 creatures vanquished.

Vanquished Creatures (others)
  A fungus (D:1)
  3 plants (D:1)
4 creatures vanquished.

Grand Total: 19 creatures vanquished

Notes
Turn   | Place    | Note
-------+----------+-------------------------------------------
     0 | D:1      | gimp the Naga Summoner began the quest for the Orb.
     0 | D:1      | Reached XP level 1. HP: 15/15 MP: 3/3
   177 | D:1      | Reached XP level 2. HP: 10/24 MP: 3/5
   180 | D:1      | Reached skill level 1 in Fighting
   694 | D:1      | Slain by a goblin

Illustrated notes

Levels and vault maps discovered:
D:1:      amcnicky_arrival_single_pillar, layout_basic,
          shapermc_ecumenical_altar_hornbeckon, minmay_lizard_king

Skill      XL: |  1  2 |
---------------+-------+-----
Fighting       | 1 |  1.2
Dodging        | |  1.5
Stealth        | |  3.4
Spellcasting   | |  2.0
Summonings     | |  4.3

Action                   || total
-------------------------++-------
Melee: Unarmed           ||     5
       Dagger            ||    23
       Short sword       ||     2
 Cast: Summon Small Mamm ||     8
 Abil: Spit Poison       ||    12
  Use: Potion            ||     1
Dodge: Dodged            ||    16
